 Dungeon Crawl Stone Soup version 0.25.1-2-g60ff931df9 (webtiles) character file.

Game seed: 12399386173145492449

60 funkygono the Skirmisher (level 3, 0/29 HPs)
             Began as a Demonspawn Abyssal Knight on Aug 7, 2020.
             Was a Follower of Lugonu.
             Slain by a dart slug (1 damage)
             ... on level 2 of the Dungeon.
             The game lasted 00:02:28 (1410 turns).

funkygono the Skirmisher (DsAK)                     Turns: 1410, Time: 00:02:28

Health: 0/29       AC:  3    Str: 13    XL:     3   Next: 80%
Magic:  0/4        EV: 11    Int: 13    God:    Lugonu [*.....]
Gold:   42         SH:  0    Dex: 12    Spells: 2/2 levels left

rFire    . . .     SeeInvis .   a - +1 mace
rCold    . . .     Gourm    .   (no shield)
rNeg     . . .     Faith    .   b - +0 leather armour
rPois    .         Spirit   +   (no helmet)
rElec    .         Reflect  .   (no cloak)
rCorr    .         Harm     .   (no gloves)
MR       .....                  (no boots)
Stlth    +.........             (no amulet)
HPRegen  0.09/turn              (no ring)
MPRegen  0.09/turn              (no ring)

@: lethally poisoned (0 -> -2)
A: spiny 1, magic shield
a: Depart the Abyss, Renounce Religion


You were on level 2 of the Dungeon.
You worshipped Lugonu.
Lugonu was aware of your devotion.
You were hungry.

You visited 1 branch of the dungeon, and saw 2 of its levels.
You visited the Abyss 1 time.

You collected 42 gold pieces.

Inventory:

Hand Weapons
 a - a +1 mace (weapon)
 e - a +0 hunting sling
Missiles
 g - 32 sling bullets
 h - 29 stones (quivered)
 j - 6 poisoned darts
Armour
 b - a +0 leather armour (worn)
Scrolls
 i - 2 scrolls of amnesia {unknown}
Potions
 d - 2 potions of curing {unknown}
Comestibles
 c - a ration
 f - 11 chunks of flesh


   Skills:
 + Level 3.5 Fighting
 + Level 3.0 Maces & Flails
 + Level 2.0 Armour
 + Level 1.1 Dodging
 + Level 0.4 Stealth
 + Level 2.4 Invocations


You had 2 spell levels left.
You didn't know any spells.
Your spell library was empty.

Dungeon Overview and Level Annotations

Branches:
Dungeon (2/15)

Altars:


Innate Abilities, Weirdness & Mutations

You are partially covered in sharp spines.
When hurt, damage is shared between your health and your magic reserves.


Message History

The worker ant is struck by your spines.
The worker ant bites you but does no damage.
You hit the worker ant.
The worker ant is almost dead.
The worker ant bites you but does no damage.
You hit the worker ant.
The worker ant is almost dead.
You feel sick. The worker ant barely misses you. The worker ant misses you.
Unknown command.
You barely miss the worker ant.
The worker ant is almost dead.
The worker ant bites you.
* * * LOW HITPOINT WARNING * * *
The worker ant is struck by your spines.
You kill the worker ant!
Lugonu accepts your kill.
Your Maces & Flails skill increases to level 3!
Your Armour skill increases to level 2!
The dart slug is struck by your spines. The dart slug bites you.
You die...

.. .. .# .
...### .#...
.).. ##..# #w..#
###@# ##. ##...#
....###.#(.# .
###......#.##.8⌠
.......(.....#
.##.####).##.#
#(.# ... #..#
### #(.#


You could see a dart slug.

Vanquished Creatures
  A worker ant (D:2)
  A dart slug (D:1)
  A leopard gecko (D:2)
  4 giant cockroaches
  5 goblins
  5 hobgoblins
  4 kobolds
  A quokka (D:2)
  A bat (D:2)
  6 frilled lizards (D:1)
  A rat (D:1)
  2 toadstools (D:1)
32 creatures vanquished.

Vanquished Creatures (others)
  2 toadstools (D:1)
2 creatures vanquished.

Grand Total: 34 creatures vanquished

Notes
Turn   | Place    | Note
-------+----------+-------------------------------------------
     0 | Abyss:1  | funkygono the Demonspawn Abyssal Knight began the quest for
                  | the Orb.
     0 | Abyss:1  | Reached XP level 1. HP: 18/18 MP: 2/2
    96 | Abyss:1  | Noticed a raiju
   105 | D:1      | Escaped the Abyss
   637 | D:1      | Gained mutation: You are partially covered in sharp spines.
                  | [demonic ancestry]
   637 | D:1      | Reached XP level 2. HP: 22/24 MP: 3/3
   640 | D:1      | Reached * piety under Lugonu
  1333 | D:2      | Reached skill level 1 in Dodging
  1368 | D:2      | Gained mutation: When hurt, damage is shared between your
                  | health and your magic reserves. [demonic ancestry]
  1368 | D:2      | Reached XP level 3. HP: 28/29 MP: 4/4
  1409 | D:2      | HP: 1/29 [worker ant (3)]
  1410 | D:2      | Slain by a dart slug

Illustrated notes

Levels and vault maps discovered:
D:1:      ldierk_water_garden, layout_basic, minmay_lizard_pond
D:2:      layout_loops_cross, led_sif_pool, minmay_hexomino_c4, uniq_natasha,
          uniq_terence

Skill      XL: |  1  2  3 |
---------------+----------+-----
Maces & Flails | 2 3 |  3.0
Dodging        | 1 |  1.1
Armour         | 2 |  2.0
Fighting       | |  3.5
Stealth        | |  0.4
Invocations    | |  2.4

Action                   || total
-------------------------++-------
Melee: Mace              ||    82
Invok: Depart the Abyss  ||     1
  Eat: Chunk             ||     1
Armor: Leather armour    ||    16
Dodge: Dodged            ||    50
